 Dungeon Crawl Stone Soup version 0.19-a0-1216-g363869b (webtiles) character file.

992 poirepourri the Magician (level 7, -6/51 HPs)
             Began as a Pale Draconian Conjurer on Aug 23, 2016.
             Was an Initiate of Vehumet.
             Mangled by a hill giant
             ... wielding a +0 giant spiked club
              (29 damage)
             ... on level 5 of the Dungeon.
             The game lasted 00:10:09 (8640 turns).

poirepourri the Magician (Pale Draconian Conjurer)  Turns: 8640, Time: 00:10:10

Health: -6/51      AC:  9    Str: 10    XL:     7   Next: 98%
Magic:  17/17      EV: 12    Int: 18    God:    Vehumet [......]
Gold:   168        SH:  0    Dex: 11    Spells: 5 memorised, 5 levels left

rFire  . . .     SeeInvis .     l - +1 short sword (venom)
rCold  . . .     Gourm    .     (armour unavailable)
rNeg   . . .     Faith    .     (no shield)
rPois  .         Spirit   .     (helmet restricted)
rElec  .         Dismiss  .     f - +1 cloak
rCorr  .         Reflect  .     m - +0 pair of gloves
MR     +....     Harm     .     (no boots)
Stlth  ++........               (no amulet)
                                (no ring)
                                (no ring)

@: no status effects
A: breathe steam, unfitting armour, magic resistance 1, cold-blooded, AC +6
a: Breathe Steam, Renounce Religion


You were on level 5 of the Dungeon.
You worshipped Vehumet.
Vehumet was noncommittal.
You were not hungry.

You visited 1 branch of the dungeon, and saw 5 of its levels.

You collected 168 gold pieces.

Inventory:

Hand Weapons
 l - a +1 short sword of venom (weapon)
Armour
 f - a +1 cloak (worn)
 m - a +0 pair of gloves (worn)
Jewellery
 b - an uncursed amulet of magic regeneration {unknown}
 c - an uncursed amulet of magic regeneration {unknown}
 g - a cursed -2 ring of intelligence {unknown}
Wands
 h - a wand of slowing (33/48)
 j - a wand of enslavement (9/24)
Scrolls
 d - 2 scrolls of remove curse
 o - a scroll of fog
 p - a scroll of enchant armour
Potions
 e - 2 potions of heal wounds {unknown}
 n - a potion of might {unknown}
Books
 a - a book of Conjurations

   Spells                             Type                      Level
   a - Magic Dart                     Conjuration                  1
   b - Searing Ray                    Conjuration                  2
   c - Dazzling Spray                 Conjuration/Hexes            3
   d - Fulminant Prism                Conjuration/Hexes            4
   e - Iskenderun's Mystic Blast      Conjuration                  4
   f - Iskenderun's Battlesphere      Conjuration/Charms           5
Comestibles
 i - 6 fruits
 k - 2 meat rations


   Skills:
 + Level 0.4 Fighting
 - Level 1.7 Dodging
 - Level 1.7 Stealth
 * Level 6.9 Spellcasting
 + Level 6.8 Conjurations


You had 5 spell levels left.
You knew the following spells:

 Your Spells              Type           Power        Failure   Level  Hunger
a - Magic Dart            Conj           ####         1%          1    None
b - Searing Ray           Conj           ####..       1%          2    None
c - Dazzling Spray        Conj/Hex       ###...       10%         3    ##.....
d - Fulminant Prism       Conj/Hex       ###.......   28%         4    ####...
e - Iskenderun's Mystic   Conj           ####....     8%          4    ####...


Dungeon Overview and Level Annotations

Branches:
Dungeon (5/15)
 Temple: D:4-7

Altars:
Fedhas
Gozag
Nemelex Xobeh
Okawaru
Ru
Trog
Vehumet
Zin

Annotations:
D:5 exclusion: oklob plant


Innate Abilities, Weirdness & Mutations

You can breathe blasts of scalding, opaque steam.
Your pale cyan-grey scales are hard. (AC +6)
Your body does not fit into most forms of armour.
You are cold-blooded and may be slowed by cold attacks.
You are resistant to hostile enchantments. (MR+)


Message History

The rat closely misses you.
The moth of wrath goads the rat on!
The rat goes berserk!
The moth of wrath goads the rat on!
The rat goes berserk!
The worm bites you but does no damage.
The moth of wrath goads the worm on!
The worm goes berserk!
The rat bites you but does no damage. The rat barely misses you.
Found a falchion.
The rat closely misses you. The worm barely misses you.
The rat barely misses you. The worm bites you!
The rat bites you but does no damage.
You see here a mace.
The worm bites you but does no damage.
The moth of wrath goads the hill giant on!
The hill giant goes berserk!
The hill giant barely misses you. The rat closely misses you.
The hill giant rages.
The rat bites you.
The hill giant hits you with a giant spiked club!!
The hill giant hits you with a giant spiked club!!
Ouch! That really hurt!
You die...

#+ #. ####+#### #.##
##.......## ..# ##.........##
#.#
#...........###.######.###
#....###....#...........).
#...##y##@..#######.###.##
#....###.Cr.# #)# #.##
##.....wwr.## #.# #..#
#...._w..)### #)# ##.#
##..)..).##.# #.####.#
###)..###..######รท......
########.......<..####..
######'## #.#######.#.####..
#.......####.###.............


You could see a hill giant (berserk), a moth of wrath, 3 worms and 2 rats.

Vanquished Creatures
  The ghost of inmateoo the Ruffian, an amateur VSTm of Okawaru (D:4)
  Duvessa (D:5)
  2 ogres (D:5)
  Dowan (D:5)
  A howler monkey (D:4)
  A hound (D:4)
  3 orc wizards
  2 orc priests (D:4)
  A giant frog skeleton (D:4)
  An iguana (D:5)
  Ijyb (D:2)
  3 worker ants
  A gnoll (D:1)
  5 adders
  3 oozes
  4 worms
  4 giant geckos
  21 orcs
  2 giant cockroaches (D:2)
  7 goblins
  9 hobgoblins
  14 jackals
  2 quokkas
  A ball python (D:3)
  9 bats
  A giant gecko skeleton (D:5)
  3 giant newts
  10 kobolds
  A quokka skeleton (D:4)
  6 rats
121 creatures vanquished.

Notes
Turn   | Place    | Note
-------+----------+-------------------------------------------
     0 | D:1      | poirepourri the Draconian Conjurer began the quest for the Orb.
     0 | D:1      | Reached XP level 1. HP: 14/14 MP: 3/3
   259 | D:1      | Reached XP level 2. HP: 10/20 MP: 0/5
  1121 | D:1      | Learned a level 2 spell: Searing Ray
  1292 | D:1      | Reached XP level 3. HP: 26/26 MP: 1/6
  1756 | D:1      | Reached skill level 5 in Conjurations
  2299 | D:2      | Reached XP level 4. HP: 33/33 MP: 0/8
  2489 | D:2      | Noticed Ijyb
  2509 | D:2      | Learned a level 3 spell: Dazzling Spray
  3534 | D:2      | Killed Ijyb
  4116 | D:2      | Reached XP level 5. HP: 15/38 MP: 0/10
  5587 | D:3      | Learned a level 4 spell: Fulminant Prism
  5961 | D:4      | Found a sacrificial altar of Ru.
  6011 | D:4      | Reached XP level 6. HP: 45/45 MP: 6/13
  6295 | D:4      | Found an iron altar of Okawaru.
  6348 | D:4      | Found a radiant altar of Vehumet.
  6450 | D:4      | Reached skill level 5 in Spellcasting
  6677 | D:4      | Gained mutation: You are resistant to hostile enchantments. (MR+) [potion of beneficial mutation]
  6853 | D:4      | Noticed inmateoo's ghost (amateur VSTm)
  7129 | D:4      | Became a worshipper of Vehumet
  7335 | D:4      | Your scales start taking on a pale cyan-grey colour.
  7335 | D:4      | Reached XP level 7. HP: 50/50 MP: 9/15
  7355 | D:4      | Learned a level 4 spell: Iskenderun's Mystic Blast
  7369 | D:4      | Found a sparkling altar of Nemelex Xobeh.
  7557 | D:4      | Found an opulent altar of Gozag.
  7633 | D:4      | Found a glowing silver altar of Zin.
  7665 | D:4      | Killed inmateoo's ghost
  7940 | D:5      | Entered Level 5 of the Dungeon
  7974 | D:5      | Found a blossoming altar of Fedhas.
  7989 | D:5      | Noticed an oklob plant
  8061 | D:5      | Noticed Dowan
  8067 | D:5      | Killed Dowan
  8099 | D:5      | Noticed Duvessa
  8115 | D:5      | Killed Duvessa
  8628 | D:5      | Found a bloodstained altar of Trog.
  8628 | D:5      | Noticed a moth of wrath
  8628 | D:5      | Noticed a hill giant
  8640 | D:5      | Mangled by a hill giant

Vault maps used:
D:1:      sevenhm_arrival_forest_fort_small_4
D:2:      nicolae_overflow_hidden_temple, uniq_iyjb
D:3:      serial_bayou_pond_c
D:4:      grunt_temple_overflow_opulence, nicolae_ru_sacrificial_ziggurat,
          lemuel_round_altar, old_standard_altar, okawaru_metal_pillars_3
D:5:      tgw_trog, first_bread, tgw_fedhas, uniq_duvessa

Skill      XL: |  1  2  3  4  5  6  7 |
---------------+----------------------+-----
Conjurations   | 5 6 |  6.8
Spellcasting   | 3 4 5 6 |  6.9
Fighting       | |  0.4
Dodging        | |  1.7
Stealth        | |  1.7

Action                   |  1- 3 |  4- 6 |  7- 9 || total
-------------------------+-------+-------+-------++-------
Melee: Unarmed           |    29 |       |       ||    29
       Tailslap          |     5 |     3 |       ||     8
       Short sword       |       |    19 |    10 ||    29
 Cast: Magic Dart        |    73 |   159 |    37 ||   269
       Searing Ray       |       |     9 |     9 ||    18
  Use: Scroll            |     3 |    11 |       ||    14
       Potion            |       |     1 |     2 ||     3
  Eat: Bread ration      |     2 |     2 |       ||     4
       Beef jerky        |       |     1 |       ||     1
       Fruit             |       |     1 |     1 ||     2
       Chunk             |       |     1 |       ||     1
       Meat ration       |       |       |     1 ||     1
Armor: Skin              |    26 |    36 |    10 ||    72
Dodge: Dodged            |    53 |    66 |    26 ||   145
